[ AOE2 MATCH · #464885367 ]
UnrankedSicilians vs Vikings
[ REPLAY ANALYSIS · EXTRACTED FROM THE RECORDED GAME ]
Feudal
15:39
Castle
34:54
Imperial
—
| APM avg | 39.7 |
| APM peak | 82 |
| eAPM avg | 19.3 |
| Villagers / military | 93 / 47 |
Focus
⚔️ 17.3% · 🌾 82.7%
Serjeant ×47 · Fishing Ship ×7
Feudal
15:09
Castle
25:44
Imperial
—
| APM avg | 32.4 |
| APM peak | 64 |
| eAPM avg | 20.1 |
| Villagers / military | 65 / 7 |
Focus
⚔️ 9.2% · 🌾 90.8%
Fishing Ship ×19 · Unknown (2626) ×8 · Mangonel ×6 · Scorpion ×1
Feudal
14:50
Castle
21:59
Imperial
—
| APM avg | 15.2 |
| APM peak | 46 |
| eAPM avg | 9.8 |
| Villagers / military | 44 / 23 |
Focus
⚔️ 22.7% · 🌾 77.3%
Cavalry Archer ×15 · Fishing Ship ×14 · Monk ×3 · Mangonel ×3 · Battering Ram ×1 · Demolition Raft ×1
Feudal
13:15
Castle
29:36
Imperial
—
| APM avg | 41.8 |
| APM peak | 70 |
| eAPM avg | 22.8 |
| Villagers / military | 97 / 82 |
Focus
⚔️ 38.8% · 🌾 61.2%
Archer ×57 · Fishing Ship ×24 · War Wagon ×8 · Knight ×5 · Battering Ram ×5 · Unknown (2626) ×4
Match map
Initial resources + every placement click. Lines = walls · curves = elevation contours. ◆ gold · ⬟ stone · ● berries · ✦ relic · ◌ wall gap
Your base· Open — 4t gap
jaimelugu8's base· Open — unwalled flank
Kincho's base· Open — unwalled flank
GeneralGariepy's base· Open — unwalled flank
Smoothed initial terrain · ◌ = detected wall gap · hover for details
Inputs per minute
— Nailox - - jaimelugu8
Build order — Nailox
First 150 of 236 actions detected
| 0:39 | Build | Town Center |
| 0:52 | Build | Dock |
| 1:22 | Build | House |
| 3:45 | Create | Villager (Male) |
| 3:45 | Create | Villager (Male) |
| 4:06 | Create | Villager (Male) |
| 4:06 | Create | Villager (Male) |
| 4:28 | Build | House |
| 4:38 | Create | Villager (Male) |
| 5:43 | Create | Fishing Ship |
| 5:53 | Create | Villager (Male) |
| 6:15 | Create | Villager (Male) |
| 6:44 | Create | Fishing Ship |
| 6:54 | Build | House |
| 7:04 | Create | Villager (Male) |
| 7:45 | Create | Villager (Male) |
| 7:46 | Create | Villager (Male) |
| 8:16 | Build | Donjon |
| 8:19 | Create | Villager (Male) |
| 8:28 | Build | Palisade Wall |
| 8:30 | Build | Palisade Wall |
| 8:34 | Build | Palisade Wall |
| 8:37 | Build | Palisade Wall |
| 8:54 | Create | Villager (Male) |
| 8:54 | Create | Villager (Male) |
| 8:59 | Create | Fishing Ship |
| 9:20 | Create | Villager (Male) |
| 9:20 | Create | Villager (Male) |
| 9:39 | Create | Villager (Male) |
| 9:40 | Create | Villager (Male) |
| 10:16 | Build | Mill |
| 10:17 | Create | Villager (Male) |
| 10:23 | Research | Loom |
| 10:29 | Create | Fishing Ship |
| 10:29 | Create | Fishing Ship |
| 10:29 | Create | Fishing Ship |
| 10:40 | Build | House |
| 10:57 | Create | Villager (Male) |
| 11:35 | Create | Villager (Male) |
| 11:35 | Create | Villager (Male) |
| 12:06 | Create | Villager (Male) |
| 12:12 | Create | Fishing Ship |
| 12:16 | Create | Villager (Male) |
| 12:39 | Build | House |
| 12:45 | Build | Lumber Camp |
| 13:24 | Research | Feudal Age |
| 14:15 | Build | House |
| 14:22 | Create | Villager (Male) |
| 14:23 | Create | Villager (Male) |
| 15:05 | Build | Donjon |
| 15:25 | Create | Villager (Male) |
| 15:38 | Build | Mining Camp |
| 15:39 | Age | Feudal Age |
| 15:41 | Create | Villager (Male) |
| 15:43 | Research | Double-Bit Axe |
| 15:43 | Research | Double-Bit Axe |
| 16:14 | Create | Villager (Male) |
| 16:25 | Create | Villager (Male) |
| 16:48 | Create | Villager (Male) |
| 16:57 | Create | Villager (Male) |
| 17:14 | Build | Donjon |
| 17:44 | Create | Villager (Male) |
| 17:51 | Create | Villager (Male) |
| 17:58 | Build | Barracks |
| 18:14 | Create | Villager (Male) |
| 18:23 | Build | House |
| 18:24 | Build | House |
| 18:25 | Build | House |
| 18:28 | Create | Villager (Male) |
| 18:53 | Build | Mill |
| 18:55 | Create | Villager (Male) |
| 18:58 | Create | Serjeant |
| 19:18 | Research | Arson |
| 19:24 | Build | Farm |
| 19:24 | Create | Villager (Male) |
| 19:40 | Build | Donjon |
| 19:45 | Build | Palisade Wall |
| 19:46 | Build | Palisade Wall |
| 19:59 | Build | House |
| 20:32 | Create | Serjeant |
| 20:32 | Create | Serjeant |
| 20:45 | Create | Villager (Male) |
| 20:46 | Create | Villager (Male) |
| 20:46 | Create | Villager (Male) |
| 20:52 | Build | Farm |
| 20:52 | Build | Farm |
| 20:52 | Build | Farm |
| 20:53 | Build | Farm |
| 20:56 | Build | Farm |
| 21:03 | Create | Villager (Male) |
| 21:08 | Create | Villager (Male) |
| 21:10 | Research | Horse Collar |
| 21:10 | Research | Horse Collar |
| 21:13 | Build | Farm |
| 21:14 | Create | Villager (Male) |
| 21:27 | Build | Donjon |
| 21:30 | Create | Villager (Male) |
| 21:47 | Build | Blacksmith |
| 21:48 | Create | Villager (Male) |
| 22:09 | Create | Serjeant |
| 22:22 | Create | Villager (Male) |
| 22:26 | Create | Villager (Male) |
| 22:53 | Create | Serjeant |
| 23:04 | Research | Fletching |
| 23:05 | Research | Forging |
| 23:24 | Build | Donjon |
| 23:48 | Create | Serjeant ×4 |
| 23:49 | Create | Serjeant ×4 |
| 24:31 | Build | Donjon |
| 24:35 | Create | Serjeant |
| 24:36 | Create | Serjeant |
| 24:36 | Create | Serjeant |
| 24:42 | Build | Farm |
| 24:42 | Build | Farm |
| 24:42 | Build | Farm |
| 24:43 | Build | Farm |
| 24:43 | Build | Farm |
| 24:43 | Build | Farm |
| 24:43 | Build | Farm |
| 24:43 | Build | Farm |
| 24:44 | Build | Farm |
| 24:52 | Create | Villager (Male) |
| 24:52 | Create | Villager (Male) |
| 25:28 | Create | Villager (Male) |
| 25:29 | Create | Villager (Male) |
| 26:12 | Create | Villager (Male) |
| 26:13 | Create | Villager (Male) |
| 26:19 | Build | Farm |
| 26:20 | Create | Villager (Male) |
| 26:32 | Create | Serjeant |
| 26:33 | Create | Serjeant |
| 26:48 | Build | Farm |
| 26:48 | Build | Farm |
| 26:48 | Build | Farm |
| 26:49 | Build | Farm |
| 26:49 | Build | Farm |
| 26:49 | Build | Farm |
| 26:50 | Build | Farm |
| 26:50 | Build | Farm |
| 26:56 | Build | House |
| 27:00 | Research | Scale Mail Armor |
| 27:11 | Build | Mining Camp |
| 27:30 | Create | Villager (Male) |
| 27:30 | Create | Villager (Male) |
| 27:56 | Create | Serjeant ×3 |
| 28:02 | Build | Farm |
| 28:03 | Create | Villager (Male) |
| 28:03 | Create | Villager (Male) |
| 28:10 | Build | Farm |
| 28:15 | Build | Farm |
Build order — jaimelugu8
134 actions detected in the replay
| 0:21 | Build | Town Center |
| 1:06 | Build | Dock |
| 2:33 | Build | House |
| 2:34 | Create | Villager (Male) |
| 2:35 | Create | Villager (Male) |
| 2:35 | Create | Villager (Male) |
| 2:35 | Create | Villager (Male) |
| 2:35 | Create | Villager (Male) |
| 3:30 | Create | Fishing Ship |
| 4:10 | Create | Fishing Ship |
| 4:10 | Create | Fishing Ship |
| 4:18 | Create | Villager (Male) |
| 4:40 | Build | House |
| 4:45 | Research | Loom |
| 5:07 | Create | Fishing Ship |
| 5:08 | Create | Fishing Ship |
| 5:32 | Create | Villager (Male) |
| 5:32 | Create | Villager (Male) |
| 5:51 | Create | Fishing Ship |
| 5:51 | Create | Fishing Ship |
| 6:02 | Create | Villager (Male) |
| 6:02 | Create | Villager (Male) |
| 6:05 | Build | House |
| 6:32 | Create | Villager (Male) |
| 6:32 | Create | Villager (Male) |
| 6:54 | Create | Fishing Ship |
| 6:54 | Create | Fishing Ship |
| 7:09 | Create | Fishing Ship |
| 7:12 | Create | Villager (Male) |
| 7:13 | Create | Villager (Male) |
| 7:23 | Create | Villager (Male) |
| 7:30 | Build | House |
| 7:57 | Create | Villager (Male) |
| 7:57 | Create | Villager (Male) |
| 7:58 | Create | Villager (Male) |
| 8:02 | Create | Fishing Ship |
| 8:23 | Create | Fishing Ship |
| 8:26 | Create | Villager (Male) |
| 8:27 | Create | Villager (Male) |
| 8:27 | Create | Villager (Male) |
| 9:07 | Create | Fishing Ship |
| 9:10 | Build | House |
| 9:10 | Create | Villager (Male) |
| 9:11 | Create | Villager (Male) |
| 9:45 | Create | Villager (Male) |
| 9:57 | Build | Dock |
| 10:10 | Create | Fishing Ship |
| 10:30 | Build | House |
| 10:33 | Build | House |
| 10:34 | Create | Villager (Male) |
| 10:39 | Create | Villager (Male) |
| 10:42 | Create | Fishing Ship |
| 10:57 | Create | Fishing Ship |
| 10:58 | Create | Fishing Ship |
| 11:17 | Create | Villager (Male) |
| 11:28 | Build | House |
| 11:37 | Build | House |
| 11:59 | Build | Dock |
| 12:22 | Build | Mill |
| 12:52 | Build | Mining Camp |
| 12:59 | Research | Feudal Age |
| 13:00 | Research | Feudal Age |
| 13:13 | Create | Fishing Ship |
| 13:13 | Create | Fishing Ship |
| 13:47 | Build | Dock |
| 15:09 | Age | Feudal Age |
| 15:12 | Create | Unit 2626 |
| 15:12 | Create | Unit 2626 |
| 15:12 | Create | Unit 2626 |
| 15:12 | Create | Unit 2626 |
| 15:15 | Create | Villager (Male) |
| 15:16 | Create | Villager (Male) |
| 15:16 | Create | Villager (Male) |
| 15:16 | Create | Villager (Male) |
| 15:55 | Build | Mining Camp |
| 16:17 | Create | Villager (Male) |
| 16:42 | Create | Unit 2626 |
| 16:42 | Create | Unit 2626 |
| 16:52 | Create | Unit 2626 |
| 16:52 | Create | Unit 2626 |
| 17:05 | Create | Villager (Male) |
| 17:06 | Create | Villager (Male) |
| 17:16 | Create | Villager (Male) |
| 17:16 | Create | Villager (Male) |
| 17:49 | Build | Lumber Camp |
| 17:50 | Create | Villager (Male) |
| 18:18 | Create | Villager (Male) |
| 18:18 | Create | Villager (Male) |
| 18:48 | Create | Villager (Male) |
| 19:16 | Build | Market |
| 19:32 | Create | Villager (Male) |
| 19:32 | Create | Villager (Male) |
| 19:33 | Create | Villager (Male) |
| 19:33 | Create | Villager (Male) |
| 19:53 | Create | Villager (Male) |
| 19:53 | Create | Villager (Male) |
| 20:13 | Build | Blacksmith |
| 20:38 | Build | House |
| 20:59 | Build | Mill |
| 22:21 | Create | Villager (Male) |
| 23:04 | Research | Castle Age |
| 23:54 | Build | Mining Camp |
| 23:57 | Create | Villager (Male) |
| 25:44 | Age | Castle Age |
| 26:09 | Build | Siege Workshop |
| 26:22 | Create | Villager (Male) |
| 26:22 | Create | Villager (Male) |
| 27:40 | Create | Mangonel |
| 28:18 | Create | Mangonel |
| 34:09 | Build | Town Center |
| 34:54 | Build | Town Center |
| 35:00 | Create | Villager (Male) |
| 35:00 | Create | Villager (Male) |
| 35:01 | Create | Villager (Male) |
| 35:01 | Create | Villager (Male) |
| 35:01 | Create | Villager (Male) |
| 35:01 | Create | Villager (Male) |
| 35:05 | Build | House |
| 35:06 | Build | House |
| 35:16 | Build | Siege Workshop |
| 35:46 | Create | Villager (Male) |
| 36:10 | Create | Mangonel |
| 36:10 | Create | Mangonel |
| 36:32 | Create | Mangonel |
| 37:21 | Create | Villager (Male) |
| 37:22 | Create | Villager (Male) |
| 37:41 | Create | Mangonel |
| 38:03 | Create | Scorpion |
| 38:13 | Create | Villager (Male) |
| 38:13 | Create | Villager (Male) |
| 38:14 | Create | Villager (Male) |
| 39:28 | Create | Villager (Male) |
| 39:28 | Create | Villager (Male) |
| 39:29 | Create | Villager (Male) |
Build order — Kincho
143 actions detected in the replay
| 1:13 | Build | Town Center |
| 1:25 | Build | House |
| 3:01 | Build | Dock |
| 3:43 | Create | Villager (Male) |
| 3:50 | Create | Villager (Male) |
| 4:09 | Create | Villager (Male) |
| 4:09 | Create | Villager (Male) |
| 4:57 | Create | Fishing Ship |
| 5:05 | Create | Villager (Male) |
| 5:38 | Create | Fishing Ship |
| 6:00 | Research | Loom |
| 6:13 | Build | House |
| 6:18 | Create | Villager (Male) |
| 6:33 | Create | Fishing Ship |
| 7:12 | Create | Villager (Male) |
| 7:16 | Create | Fishing Ship |
| 7:49 | Create | Villager (Male) |
| 8:04 | Create | Fishing Ship |
| 8:13 | Build | House |
| 8:18 | Create | Villager (Male) |
| 9:06 | Create | Villager (Male) |
| 9:24 | Build | Mill |
| 9:32 | Create | Villager (Male) |
| 9:54 | Create | Villager (Male) |
| 10:08 | Create | Villager (Male) |
| 10:36 | Build | House |
| 10:39 | Build | Palisade Wall |
| 10:49 | Create | Fishing Ship |
| 11:02 | Create | Villager (Male) |
| 11:30 | Create | Villager (Male) |
| 11:35 | Create | Fishing Ship |
| 11:50 | Build | House |
| 12:15 | Create | Villager (Male) |
| 12:22 | Research | Feudal Age |
| 12:58 | Create | Villager (Male) |
| 13:02 | Create | Fishing Ship |
| 13:43 | Create | Villager (Male) |
| 13:56 | Create | Fishing Ship |
| 14:39 | Create | Villager (Male) |
| 14:50 | Age | Feudal Age |
| 14:57 | Build | Market |
| 15:20 | Build | House |
| 15:27 | Create | Demolition Raft |
| 15:39 | Build | Mining Camp |
| 15:55 | Research | Wheelbarrow |
| 16:11 | Create | Villager (Male) |
| 16:28 | Create | Fishing Ship |
| 16:36 | Create | Villager (Male) |
| 17:22 | Build | Watch Tower |
| 17:53 | Create | Villager (Male) |
| 17:59 | Create | Fishing Ship |
| 18:11 | Create | Villager (Male) |
| 18:38 | Build | Blacksmith |
| 18:45 | Research | Town Watch |
| 18:49 | Build | House |
| 18:51 | Build | House |
| 18:51 | Build | House |
| 19:03 | Create | Villager (Male) |
| 19:19 | Research | Castle Age |
| 19:39 | Build | Barracks |
| 20:03 | Build | Watch Tower |
| 20:13 | Research | Fletching |
| 20:22 | Create | Fishing Ship |
| 20:39 | Create | Villager (Male) |
| 20:39 | Create | Villager (Male) |
| 20:57 | Build | Lumber Camp |
| 21:05 | Create | Villager (Male) |
| 21:20 | Create | Fishing Ship |
| 21:54 | Build | Archery Range |
| 21:59 | Age | Castle Age |
| 22:03 | Research | Bodkin Arrow |
| 22:04 | Create | Villager (Male) |
| 22:08 | Create | Fishing Ship |
| 22:30 | Research | Double-Bit Axe |
| 22:51 | Create | Cavalry Archer |
| 23:10 | Build | Siege Workshop |
| 23:32 | Create | Cavalry Archer |
| 23:42 | Create | Villager (Male) |
| 24:18 | Create | Cavalry Archer |
| 24:43 | Build | Farm |
| 24:45 | Build | Farm |
| 25:04 | Create | Cavalry Archer |
| 25:08 | Research | Scale Barding Armor |
| 25:50 | Create | Villager (Male) |
| 26:06 | Research | Thumb Ring |
| 26:21 | Build | Farm |
| 26:22 | Build | Farm |
| 26:22 | Build | Farm |
| 26:22 | Build | Farm |
| 26:22 | Build | Farm |
| 26:22 | Build | Farm |
| 26:23 | Create | Villager (Male) |
| 26:58 | Create | Battering Ram |
| 27:08 | Create | Cavalry Archer |
| 27:26 | Build | University |
| 27:33 | Create | Cavalry Archer |
| 27:37 | Build | House |
| 27:38 | Build | House |
| 28:08 | Create | Villager (Male) |
| 28:15 | Create | Cavalry Archer |
| 28:52 | Create | Cavalry Archer |
| 29:46 | Create | Villager (Male) |
| 29:50 | Create | Cavalry Archer |
| 30:02 | Create | Villager (Male) |
| 30:05 | Build | Mill |
| 31:34 | Build | Archery Range |
| 31:40 | Create | Villager (Male) |
| 31:40 | Create | Villager (Male) |
| 31:49 | Build | Farm |
| 31:50 | Build | Farm |
| 31:58 | Build | Monastery |
| 32:21 | Create | Cavalry Archer |
| 32:36 | Create | Cavalry Archer |
| 33:03 | Create | Cavalry Archer |
| 33:04 | Create | Cavalry Archer |
| 33:17 | Build | House |
| 34:02 | Build | Town Center |
| 34:16 | Create | Cavalry Archer |
| 34:16 | Create | Cavalry Archer |
| 34:20 | Research | Padded Archer Armor |
| 34:30 | Build | Stable |
| 34:59 | Research | Ballistics |
| 35:26 | Create | Villager (Male) |
| 35:27 | Create | Villager (Male) |
| 35:47 | Create | Monk |
| 36:16 | Create | Villager (Male) |
| 36:16 | Create | Villager (Male) |
| 36:28 | Create | Villager (Male) |
| 36:28 | Create | Villager (Male) |
| 36:44 | Build | Mining Camp |
| 36:56 | Create | Mangonel |
| 36:57 | Create | Mangonel |
| 37:28 | Create | Villager (Male) |
| 37:28 | Create | Villager (Male) |
| 38:04 | Create | Monk |
| 38:05 | Create | Monk |
| 38:18 | Build | House |
| 38:19 | Build | House |
| 38:19 | Build | House |
| 38:20 | Build | House |
| 38:20 | Build | House |
| 38:20 | Build | House |
| 39:38 | Create | Mangonel |
Build order — GeneralGariepy
First 150 of 317 actions detected
| 0:14 | Build | Town Center |
| 0:38 | Build | Dock |
| 0:39 | Build | House |
| 2:55 | Create | Villager (Male) ×4 |
| 2:55 | Create | Villager (Male) ×4 |
| 3:42 | Create | Villager (Male) |
| 4:08 | Create | Fishing Ship |
| 4:36 | Build | House |
| 4:53 | Create | Villager (Male) |
| 4:53 | Create | Villager (Male) |
| 5:21 | Create | Villager (Male) |
| 5:21 | Create | Villager (Male) |
| 5:42 | Create | Fishing Ship |
| 5:49 | Create | Villager (Male) |
| 6:05 | Build | House |
| 6:09 | Create | Villager (Male) |
| 6:50 | Create | Fishing Ship |
| 6:52 | Create | Villager (Male) |
| 6:52 | Create | Villager (Male) |
| 7:16 | Create | Villager (Male) |
| 7:25 | Create | Fishing Ship |
| 7:29 | Build | House |
| 7:45 | Create | Villager (Male) |
| 7:46 | Create | Villager (Male) |
| 7:50 | Create | Villager (Male) |
| 8:08 | Create | Fishing Ship |
| 8:21 | Create | Villager (Male) |
| 8:28 | Create | Villager (Male) |
| 8:28 | Create | Villager (Male) |
| 8:29 | Create | Villager (Male) |
| 8:38 | Build | Mining Camp |
| 8:56 | Create | Villager (Male) |
| 8:57 | Create | Fishing Ship |
| 8:58 | Create | Villager (Male) |
| 9:17 | Build | House |
| 9:19 | Create | Villager (Male) |
| 9:31 | Create | Villager (Male) |
| 9:45 | Create | Fishing Ship |
| 10:07 | Research | Loom |
| 10:11 | Create | Villager (Male) |
| 10:27 | Create | Fishing Ship |
| 10:50 | Build | House |
| 10:53 | Create | Villager (Male) |
| 11:05 | Research | Feudal Age |
| 11:26 | Create | Villager (Male) |
| 11:46 | Create | Villager (Male) |
| 11:46 | Create | Fishing Ship |
| 12:16 | Create | Villager (Male) |
| 12:21 | Create | Villager (Male) |
| 12:45 | Create | Villager (Male) |
| 12:47 | Create | Villager (Male) |
| 12:56 | Create | Villager (Male) |
| 13:15 | Age | Feudal Age |
| 13:29 | Build | Watch Tower |
| 13:36 | Build | Watch Tower |
| 13:38 | Build | Palisade Wall |
| 13:39 | Build | Palisade Wall |
| 13:40 | Build | Palisade Wall |
| 13:44 | Build | Palisade Wall |
| 13:46 | Build | Palisade Wall |
| 13:48 | Build | Palisade Wall |
| 13:53 | Build | Watch Tower |
| 13:55 | Build | Palisade Wall |
| 13:56 | Build | Palisade Wall |
| 13:58 | Build | Palisade Wall |
| 14:03 | Build | Palisade Wall |
| 14:05 | Build | Palisade Wall |
| 14:06 | Build | Palisade Wall |
| 14:08 | Build | Palisade Wall |
| 14:13 | Build | Palisade Wall |
| 14:16 | Create | Unit 2626 |
| 14:18 | Create | Villager (Male) |
| 14:21 | Create | Villager (Male) |
| 14:25 | Build | Palisade Wall |
| 14:29 | Build | Watch Tower |
| 14:31 | Create | Villager (Male) |
| 14:48 | Build | Mining Camp |
| 14:50 | Create | Villager (Male) |
| 15:06 | Create | Villager (Male) |
| 15:13 | Build | House |
| 15:14 | Build | House |
| 15:24 | Build | Watch Tower |
| 15:29 | Build | House |
| 15:31 | Build | Palisade Wall |
| 15:34 | Build | Palisade Wall |
| 15:39 | Build | Palisade Wall |
| 15:51 | Build | Watch Tower |
| 15:52 | Create | Villager (Male) |
| 16:02 | Create | Unit 2626 |
| 16:31 | Create | Unit 2626 |
| 16:33 | Create | Villager (Male) |
| 16:52 | Create | Villager (Male) |
| 16:56 | Build | Watch Tower |
| 17:02 | Build | Palisade Wall |
| 17:03 | Build | Palisade Wall |
| 17:04 | Build | Palisade Wall |
| 17:04 | Build | Palisade Wall |
| 17:05 | Build | Palisade Wall |
| 17:07 | Create | Villager (Male) |
| 17:18 | Create | Unit 2626 |
| 17:27 | Build | House |
| 17:44 | Build | Palisade Wall |
| 17:46 | Build | Palisade Wall |
| 17:48 | Build | Palisade Wall |
| 17:58 | Build | Palisade Gate |
| 18:19 | Build | Barracks |
| 18:35 | Build | House |
| 18:48 | Create | Fire Galley |
| 18:48 | Create | Fire Galley |
| 19:15 | Build | Watch Tower |
| 19:23 | Create | Villager (Male) |
| 19:31 | Build | Archery Range |
| 19:42 | Create | Fire Galley |
| 19:55 | Create | Villager (Male) |
| 19:57 | Create | Villager (Male) |
| 20:01 | Build | Lumber Camp |
| 20:29 | Create | Archer |
| 20:30 | Create | Archer |
| 20:30 | Create | Archer |
| 20:51 | Create | Villager (Male) |
| 20:51 | Create | Villager (Male) |
| 21:07 | Create | Archer |
| 21:10 | Build | Archery Range |
| 21:16 | Create | Villager (Male) |
| 21:22 | Create | Villager (Male) |
| 21:26 | Research | Double-Bit Axe |
| 21:35 | Build | Blacksmith |
| 21:38 | Create | Villager (Male) |
| 21:40 | Create | Villager (Male) |
| 22:01 | Create | Archer |
| 22:16 | Create | Archer |
| 22:16 | Create | Villager (Male) |
| 22:24 | Build | Mill |
| 22:25 | Create | Villager (Male) |
| 22:32 | Research | Fletching |
| 22:51 | Create | Archer |
| 22:52 | Build | House |
| 23:00 | Build | House |
| 23:02 | Build | House |
| 23:03 | Build | House |
| 23:07 | Create | Villager (Male) |
| 23:37 | Build | House |
| 24:01 | Create | Villager (Male) |
| 24:21 | Create | Villager (Male) |
| 24:21 | Create | Villager (Male) |
| 24:35 | Build | House |
| 24:36 | Create | Archer |
| 24:51 | Create | Archer |
| 24:52 | Create | Archer |
| 24:54 | Build | House |
Match timeline
| 0:38 | GeneralGariepy · first_building Dock |
| 0:52 | Nailox · first_building Dock |
| 1:06 | jaimelugu8 · first_building Dock |
| 3:01 | Kincho · first_building Dock |
| 8:16 | Nailox · first_building Donjon |
| 8:28 | Nailox · wall_segment Palisade Wall x1 |
| 8:30 | Nailox · wall_segment Palisade Wall x1 |
| 8:34 | Nailox · wall_segment Palisade Wall x1 |
| 8:37 | Nailox · wall_segment Palisade Wall x1 |
| 10:39 | Kincho · wall_segment Palisade Wall x1 |
| 13:15 | GeneralGariepy · age_up feudal |
| 13:38 | GeneralGariepy · wall_segment Palisade Wall x1 |
| 13:39 | GeneralGariepy · wall_segment Palisade Wall x1 |
| 13:40 | GeneralGariepy · wall_segment Palisade Wall x1 |
| 13:44 | GeneralGariepy · wall_segment Palisade Wall x1 |
| 13:46 | GeneralGariepy · wall_segment Palisade Wall x1 |
| 13:48 | GeneralGariepy · wall_segment Palisade Wall x1 |
| 13:55 | GeneralGariepy · wall_segment Palisade Wall x1 |
| 13:56 | GeneralGariepy · wall_segment Palisade Wall x1 |
| 13:58 | GeneralGariepy · wall_segment Palisade Wall x1 |
| 14:03 | GeneralGariepy · wall_segment Palisade Wall x1 |
| 14:05 | GeneralGariepy · wall_segment Palisade Wall x1 |
| 14:06 | GeneralGariepy · wall_segment Palisade Wall x1 |
| 14:08 | GeneralGariepy · wall_segment Palisade Wall x1 |
| 14:13 | GeneralGariepy · wall_segment Palisade Wall x1 |
| 14:25 | GeneralGariepy · wall_segment Palisade Wall x1 |
| 14:50 | Kincho · age_up feudal |
| 15:09 | jaimelugu8 · age_up feudal |
| 15:31 | GeneralGariepy · wall_segment Palisade Wall x1 |
| 15:34 | GeneralGariepy · wall_segment Palisade Wall x1 |
| 15:39 | Nailox · age_up feudal |
| 15:39 | GeneralGariepy · wall_segment Palisade Wall x1 |
| 17:02 | GeneralGariepy · wall_segment Palisade Wall x1 |
| 17:03 | GeneralGariepy · wall_segment Palisade Wall x1 |
| 17:04 | GeneralGariepy · wall_segment Palisade Wall x1 |
| 17:04 | GeneralGariepy · wall_segment Palisade Wall x1 |
| 17:05 | GeneralGariepy · wall_segment Palisade Wall x1 |
| 17:44 | GeneralGariepy · wall_segment Palisade Wall x1 |
| 17:46 | GeneralGariepy · wall_segment Palisade Wall x1 |
| 17:48 | GeneralGariepy · wall_segment Palisade Wall x1 |
| 17:58 | Nailox · first_building Barracks |
| 18:19 | GeneralGariepy · first_building Barracks |
| 19:31 | GeneralGariepy · first_building Archery Range |
| 19:39 | Kincho · first_building Barracks |
| 19:45 | Nailox · wall_segment Palisade Wall x1 |
| 19:46 | Nailox · wall_segment Palisade Wall x1 |
| 19:54 | Kincho · first_market_sell 100 food |
| 19:55 | Kincho · first_market_buy 100 stone |
| 21:54 | Kincho · first_building Archery Range |
| 21:59 | Kincho · age_up castle |
| 22:24 | jaimelugu8 · first_market_sell 100 wood |
| 22:27 | jaimelugu8 · first_market_buy 100 food |
| 23:10 | Kincho · first_building Siege Workshop |
| 25:44 | jaimelugu8 · age_up castle |
| 26:09 | jaimelugu8 · first_building Siege Workshop |
| 26:49 | GeneralGariepy · first_market_sell 100 wood |
| 26:50 | GeneralGariepy · first_market_buy 100 food |
| 29:36 | GeneralGariepy · age_up castle |
| 29:46 | GeneralGariepy · first_building Castle |
| 30:57 | Nailox · first_building Stable |
| 31:58 | Kincho · first_building Monastery |
| 32:09 | GeneralGariepy · first_building Siege Workshop |
| 34:30 | Kincho · first_building Stable |
| 34:54 | Nailox · age_up castle |
| 35:24 | GeneralGariepy · first_building Stable |
| 35:25 | Nailox · first_building Castle |
| 40:29 | Kincho · resign |
[ AI ANALYSIS · 1 CREDIT ]
What really happened in this match?
Wolo.gg analyzes every decision: build order, eco, micro, common mistakes by bracket. Personalized analysis on WhatsApp or Discord in 30 seconds.
Civ guide
Sicilians
Perfil
Jugador #234889